 Dungeon Crawl Stone Soup version 0.30-a0-728-gc68057be0a (webtiles) character file.

Game seed: 1888096422562294632

322 Engwar the Cudgeller (level 6, -7/54 HPs)
             Began as an Armataur Berserker on Jan 31, 2023.
             Was a Believer of Trog.
             Mangled by an ogre
             ... wielding a +0 giant club
              (22 damage)
             ... on level 4 of the Dungeon.
             The game lasted 00:06:42 (2234 turns).

Engwar the Cudgeller (Armataur Berserker)           Turns: 2234, Time: 00:06:43

Health: -7/54      AC: 10    Str: 25    XL:     6   Next: 22%
Magic:  6/6        EV:  6    Int:  7    God:    Trog [**....]
Gold:   165        SH:  0    Dex:  9    Spells: 5/5 levels left

rFire   . . .      SeeInvis .    a - +0 mace
rCold   . . .      Faith    .    (no shield)
rNeg    . . .      Spirit   .    b - +0 chain mail
rPois   .          Reflect  .    p - +0 helmet
rElec   .          Harm     .    (no cloak)
rCorr   .          Roll     +    m - +0 pair of gloves
Will    .....                    (no barding) Stlth
                                 (no amulet)
HPRegen 0.29/turn                (no ring)
MPRegen 0.10/turn                (no ring)

@: no status effects
A: large, rugged brown scales 3, deformed body, armoured tail, roll, long
tongue, awkward tongue
a: Renounce Religion, Berserk, Trog's Hand


You were on level 4 of the Dungeon.
You worshipped Trog.
Trog was pleased with you.
You visited 1 branch of the dungeon, and saw 6 of its levels.

You collected 165 gold pieces.

Inventory:

Hand Weapons
 a - a +0 mace (weapon)
Missiles
 c - a throwing net
 l - 2 javelins (quivered)
Armour
 b - a +0 chain mail (worn)
 m - a +0 pair of gloves (worn)
 p - a +0 helmet (worn)
Scrolls
 d - 2 scrolls of fear {unknown}
 k - a scroll of teleportation
Potions
 e - a potion of haste {unknown}
 f - 3 potions of heal wounds
 h - a potion of brilliance {unknown}
 n - a potion of mutation {unknown}
 o - a potion of lignification {unknown}
 r - 2 potions of curing {unknown}


   Skills:
 + Level 3.5 Fighting
 * Level 4.6 Maces & Flails
 - Level 1.5 Throwing
 + Level 3.6 Armour
 + Level 2.3 Dodging


You had 5 spell levels left.
You didn't know any spells.
Your spell library was empty.

Dungeon Overview and Level Annotations

Branches:
Dungeon (6/15)             Temple (0/1) D:6

Altars:
Okawaru


Innate Abilities, Weirdness & Mutations

You are completely covered in rugged brown scales. (AC +3, +7% HP)
Armour fits poorly on your strangely shaped body.
You have a long armoured tail.
You roll when moving toward enemies. (Rampage)
Your long tongue fully drains potion bottles. (2x potion effects)
Your tongue gives you trouble enunciating. (1.5x scroll delay)


Message History

Trog accepts your kill.
Items here: ( )) ††.
There is a stone staircase leading up here.
You start resting.
HP restored.
You climb upwards.
You hear the hiss of flowing sand.
There is an entrance to an ossuary on this level.
Hurry and find it before the portal is buried!
There is a stone staircase leading down here.
An ogre comes into view. It is wielding a +0 giant club.
The ogre shouts!
An ogre is nearby!
An ogre is nearby!
The ogre closely misses you.
You hit the ogre.
The ogre is lightly wounded.
You barely miss the ogre. Your punch misses the ogre.
The ogre is lightly wounded.
The ogre hits you with a +0 giant club!!
You barely miss the ogre.
The ogre is lightly wounded.
The ogre hits you with a +0 giant club!
You are too injured to fight recklessly!
You are too injured to fight recklessly!
You are too injured to fight recklessly!
You are too injured to fight recklessly!
You are too injured to fight recklessly!
You are too injured to fight recklessly!
You are too injured to fight recklessly!
You are too injured to fight recklessly!
You hit the ogre. You tail-slap the ogre.
The ogre is moderately wounded.
The ogre hits you with a +0 giant club!
* * * LOW HITPOINT WARNING * * *
You hit the ogre.
The ogre is heavily wounded.
You barely miss the ogre.
The ogre is heavily wounded.
The ogre hits you with a +0 giant club!!
You die...

#.# .# ..####.##.#.#
..# ..$.....## #.#
#........ #.# #..##...#
#.# #..##.#.##. #.#
#..........
.#.####.###.....#.##
........>......@#.
.#.####.##......O.....#
#...................
.......................
.................#.....
.###.##................
#. #.....#....#...## #
#...#.#....#...#
....#.......


You could see an ogre.

Vanquished Creatures
  Sigmund (D:2)
  An orc priest (D:5)
  Terence (D:2)
  4 gnolls (D:3)
  2 adders
  A dart slug (D:1)
  3 orcs (D:5)
  5 ball pythons
  5 endoplasms
  3 giant cockroaches
  3 goblins
  3 hobgoblins
  2 jackals (D:1)
  5 quokkas
  4 bats
  A frilled lizard (D:1)
  2 kobolds
  8 rats
54 creatures vanquished.

Vanquished Creatures (others)
  A plant (D:1)
1 creature vanquished.

Grand Total: 55 creatures vanquished

Notes
Turn   | Place    | Note
-------+----------+-------------------------------------------
     0 | D:1      | Engwar the Armataur Berserker began the quest for the Orb.
     0 | D:1      | Reached XP level 1. HP: 19/19 MP: 1/1
    36 | D:1      | Reached skill level 3 in Maces & Flails
    42 | D:1      | Reached XP level 2. HP: 22/26 MP: 2/2
   746 | D:2      | Reached XP level 3. HP: 32/32 MP: 3/3
   878 | D:2      | Found an iron altar of Okawaru.
   958 | D:2      | Reached ** piety under Trog
  1071 | D:2      | Noticed Sigmund
  1082 | D:2      | Killed Sigmund
  1083 | D:2      | Reached skill level 4 in Maces & Flails
  1083 | D:2      | Reached skill level 1 in Throwing
  1083 | D:2      | Reached XP level 4. HP: 21/40 MP: 4/4
  1083 | D:2      | Reached XP level 5. HP: 25/48 MP: 5/5
  1183 | D:2      | Noticed Terence
  1190 | D:2      | Killed Terence
  1220 | D:2      | Found a faded altar of an unknown god.
  1630 | D:3      | Reached XP level 6. HP: 22/54 MP: 6/6
  2016 | D:3      | You fall into a shaft and drop 3 floors!
  2016 | D:6      | Found a staircase to the Ecumenical Temple.
  2078 | D:5      | Entered Level 5 of the Dungeon
  2234 | D:4      | Mangled by an ogre

Illustrated notes

Levels and vault maps discovered:
D:1:      eino_arrival_water_cross, layout_loops_ring,
          chequers_serial_rivers_micro_a
D:2:      layout_loops_ring, shapermc_ecumenical_altar_mp_ritualfount,
          basic_altar, uniq_terence, uniq_sigmund
D:3:      layout_loops_ring, uniq_ijyb
D:4:      layout_basic, nicolae_ossuary_entry_catacombs
D:5:      wad_river_or_something, layout_cave_pods, serial_glass,
          glass_columns_b, glass_columns_b, glass_columns_b, glass_columns_c,
          glass_columns_c, glass_columns_b, glass_columns_c, glass_columns_a,
          glass_columns_b, glass_columns_a, glass_columns_a, glass_columns_c,
          glass_columns_a, glass_columns_a, due_unseen_surprise,
          item_on_display_a, uniq_prince_ribbit1, uniq_duvessa
D:6:      layout_cave_pools, mainiacjoe_overflow_chevrons, temple_pool_b

Skill      XL: |  1  2  3 |
---------------+----------+-----
Maces & Flails | 3 4 |  4.6
Fighting       | 3 |  3.5
Throwing       | 1 |  1.5
Armour         | 3 |  3.6
Dodging        | 2 |  2.3

Action                     |  1- 3 |  4- 6 || total
---------------------------+-------+-------++-------
  Melee: Mace              |    99 |    60 ||   159
         Tailslap          |    11 |     9 ||    20
         Punch             |     1 |       ||     1
 Invoke: Trog's Hand       |     1 |       ||     1
    Use: Scroll            |       |     8 ||     8
   Stab: Sleeping          |     3 |       ||     3
 Armour: Animal skin       |    36 |       ||    36
         Chain mail        |       |    32 ||    32
         Robe              |       |     1 ||     1
  Dodge: Dodged            |    48 |    13 ||    61

Table legend: (Time is in decaauts)
 A = Elapsed time spent in this place.
 B = Non-inter-level travel time spent in this place.
 C = Inter-level travel time spent in this place.
 D = Time resting spent in this place.
 E = Time spent auto-exploring this place.
 F = Levels seen in this place.
 G = Mean time per level.
                   A        B        C        D        E       F      G
               +--------+--------+--------+--------+--------+-----+--------+
         Total |   2271 |   2203 |     68 |    460 |   1228 |   6 |  378.5 |
       Dungeon |   2271 |   2203 |     68 |    460 |   1228 |   6 |  378.5 |
               +--------+--------+--------+--------+--------+-----+--------+

Top non-repeatable levels by time:
     D:2: 833 daAuts
     D:1: 725 daAuts
     D:3: 490 daAuts
     D:5: 141 daAuts
     D:6: 63 daAuts
     D:4: 17 daAuts
